 Dungeon Crawl Stone Soup version 0.18.1-2-ga659475 (webtiles) character file.

8815 Hsing the Thaumaturge (level 11, -3/56 HPs)
             Began as a Gargoyle Fire Elementalist on May 8, 2016.
             Was a Believer of Vehumet.
             Slain by a seven-headed hydra (11 damage)
             ... on level 2 of the Lair of Beasts.
             The game lasted 01:11:43 (11509 turns).

Hsing the Thaumaturge (Gargoyle Fire Elementalist) Turns: 11509, Time: 01:11:44

Health: -3/56      AC: 12    Str: 12    XL:     11   Next: 36%
Magic:  0/27       EV: 12    Int: 19    God:    Vehumet [**....]
Gold:   522        SH:  0    Dex: 10    Spells: 4 memorised, 23 levels left

rFire  x . .     SeeInvis +     a - +3 dagger (flame)
rCold  + . .     Gourm    .     w - +2 robe {MR+}
rNeg   + . .     Faith    .     (no shield)
rPois  ∞         Spirit   +     (no helmet)
rElec  +         Dismiss  .     t - +0 cloak
rCorr  .         Reflect  .     (no gloves)
SustAt .         Harm     .     (no boots)
MR     +....                    c - amulet of guardian spirit
Stlth  ++........               o - ring of ice
                                s - ring of see invisible

@: somewhat resistant to hostile enchantments, unstealthy
A: negative energy resistance 1, electricity resistance, unbreathing,
petrification resistance, rot immunity, AC +7
a: Renounce Religion


You were on level 2 of the Lair of Beasts.
You worshipped Vehumet.
Vehumet was pleased with you.
You were not hungry.

You visited 3 branches of the dungeon, and saw 11 of its levels.

You collected 522 gold pieces.

Inventory:

Hand Weapons
 a - a +3 dagger of flaming (weapon)
Armour
 l - a +0 robe of resistance
 t - a +0 cloak (worn)
 w - a +2 robe of magic resistance (worn)
Jewellery
 c - an amulet of guardian spirit (around neck)
 o - a ring of ice (right hand)
 s - a ring of see invisible (left hand)
Wands
 f - a wand of iceblast (0/15)
 j - a wand of iceblast (0/15)
Scrolls
 k - 12 scrolls of remove curse
 v - 4 scrolls of teleportation
Potions
 e - 5 potions of curing
 g - a potion of lignification
 h - 2 potions of haste
 i - 3 potions of brilliance
 n - a potion of ambrosia
 p - 2 potions of flight
 q - a potion of resistance
 r - a potion of might {unknown}
 u - a potion of magic {unknown}
 C - a potion of agility {unknown}
Books
 b - a book of Flames

   Spells                             Type                      Level
   a - Flame Tongue                   Conjuration/Fire             1
   b - Throw Flame                    Conjuration/Fire             2
   c - Conjure Flame                  Conjuration/Fire             3
   d - Inner Flame                    Hexes/Fire                   3
   e - Sticky Flame                   Conjuration/Fire             4
   f - Fireball                       Conjuration/Fire             5
Comestibles
 d - 4 meat rations
 m - a beef jerky
 x - a fruit
 z - 3 bread rations


   Skills:
 + Level 1.5 Fighting
 + Level 1.0 Short Blades
 + Level 1.5 Armour
 + Level 2.1 Dodging
 + Level 2.5 Stealth
 * Level 12.6 Spellcasting
 - Level 1.1 Conjurations
 + Level 10.1 Fire Magic
 + Level 0.5 Evocations


You had 23 spell levels left.
You knew the following spells:

 Your Spells              Type           Power        Failure   Level  Hunger
a - Flame Tongue          Conj/Fire      ###..        1%          1    None
b - Throw Flame           Conj/Fire      ###...       1%          2    None
c - Sticky Flame          Conj/Fire      ###.....     8%          4    #......
d - Fireball              Conj/Fire      ###.......   17%         5    ####...


Dungeon Overview and Level Annotations

Branches:
Dungeon (8/15)             Temple (1/1) D:7            Lair (2/8) D:8

Altars:
Ashenzari
Cheibriados
Dithmenos
Elyvilon
Fedhas
Gozag
Kikubaaqudgha
Makhleb
Nemelex Xobeh
Okawaru
Pakellas
Qazlal
Sif Muna
Trog
Vehumet
Xom
Yredelemnul
Zin
The Shining One

Shops:
D:6 %

Annotations:
D:8 exclusion: ice statue
Lair:2 exclusion: 2 oklob plants


Innate Abilities, Weirdness & Mutations

You are resistant to torment.
Your stone body is resilient (AC +7).
You are immune to poison.
You resist negative energy.
You are resistant to electric shocks.
You can survive without breathing.
You are immune to petrification.
You are immune to rotting.


Message History

The seven-headed hydra closely misses you.
The seven-headed hydra barely misses you.
The seven-headed hydra bites you.
The seven-headed hydra bites you but does no damage. x2
Casting: Flame Tongue
Confirm with . or Enter, or press ? or * to list all spells.
Aiming: Flame Tongue
Press: ? - help, Shift-Dir - straight line, f/p - seven-headed hydra
Aim: a seven-headed hydra (almost dead)
You feel a numb sensation.
The flame tongue hits the seven-headed hydra.
The seven-headed hydra is almost dead.
The seven-headed hydra bites you! x2
* * * LOW HITPOINT WARNING * * *
The seven-headed hydra closely misses you.
The seven-headed hydra bites you.
* * * LOW HITPOINT WARNING * * *
The seven-headed hydra bites you but does no damage.
The seven-headed hydra misses you. The seven-headed hydra bites you!
You die...

#.#......#.......
#.......#.......#
##.#.#....#.......#
..##.##...........#
..................#
..................#
..................#..
.......D..).......#PP
.......@..........#..
..............†.....#..P.P
....... ...................#....#
....#.# #.#..}.##.#P.......#...##
r.....###.#.#+#.####...<...#..##.
.......#...#.......#.............
..r%...##.......................<
....#.# #..P......##.÷...........
##.P.+###...>....................


You could see a seven-headed hydra.

Vanquished Creatures
  A black mamba (Lair:1)
  2 spiny frogs
  Psyche (D:8)
  A komodo dragon (Lair:1)
  Grinder (D:3)
  2 yaks
  A basilisk (Lair:1)
  A hippogriff (D:7)
  A porcupine (Lair:2)
  Duvessa (D:4)
  4 water moccasins
  2 orc warriors
  3 ice beasts (D:8)
  6 ogres
  6 sky beasts
  A necrophage (D:8)
  3 phantoms
  4 centaurs
  2 crocodiles
  Blork the orc (D:4)
  15 big kobolds (D:8)
  10 giant frogs
  Dowan (D:4)
  A scorpion (D:8)
  A water moccasin skeleton (D:7)
  5 wights (D:8)
  3 howler monkeys
  3 crimson imps
  A centaur zombie (D:8)
  4 hounds
  2 jellies (D:6)
  6 orc priests
  7 orc wizards
  4 giant frog skeletons
  An iguana (D:4)
  Jessica (D:3)
  6 worker ants
  A killer bee zombie (D:5)
  5 gnolls
  A howler monkey skeleton (D:7)
  11 adders
  12 river rats
  An ooze (D:2)
  An adder skeleton (D:6)
  4 adder zombies
  A worm (D:3)
  2 dart slugs (D:1)
  4 giant geckos
  26 orcs
  9 giant cockroaches
  8 goblins
  12 hobgoblins
  26 jackals
  19 kobolds
  6 quokkas
  7 bats
  8 giant newts
  A quokka skeleton (D:4)
  4 rats
284 creatures vanquished.

Vanquished Creatures (others)
  An orc wizard (D:6)
  A kobold (D:1)
  A giant newt (D:1)
3 creatures vanquished.

Grand Total: 287 creatures vanquished

Notes
Turn   | Place    | Note
--------------------------------------------------------------
     0 | D:1      | Hsing the Gargoyle Fire Elementalist began the quest for the Orb.
     0 | D:1      | Reached XP level 1. HP: 10/10 MP: 3/3
   169 | D:1      | Reached XP level 2. HP: 9/15 MP: 1/5
   173 | D:1      | Learned a level 2 spell: Throw Flame
   804 | D:1      | Reached XP level 3. HP: 16/19 MP: 1/7
   926 | D:1      | Reached skill level 3 in Spellcasting
  1698 | D:2      | Reached XP level 4. HP: 15/24 MP: 3/9
  1704 | D:2      | Learned a level 4 spell: Sticky Flame
  1704 | D:2      | Upgraded the game from 0.18.1-1-g2f07953 to 0.18.1-2-ga659475
  2247 | D:3      | Noticed Grinder
  2248 | D:3      | Paralysed by Grinder for 7 turns
  2890 | D:4      | You fall through a shaft for 3 floors!
  2930 | D:7      | Noticed an ogre
  2986 | D:7      | Noticed a phantom
  3044 | D:7      | Noticed a giant frog
  3049 | D:7      | Killed a giant frog
  3049 | D:7      | Reached skill level 4 in Spellcasting
  3049 | D:7      | Reached XP level 5. HP: 17/28 MP: 5/11
  3058 | D:7      | Reached XP level 6. HP: 21/32 MP: 0/12
  3182 | D:7      | Noticed a sky beast
  3204 | D:7      | Killed a sky beast
  3204 | D:7      | Reached skill level 5 in Spellcasting
  3247 | D:7      | Reached skill level 5 in Fire Magic
  3276 | D:7      | Reached XP level 7. HP: 14/36 MP: 0/15
  3347 | D:7      | Reached skill level 6 in Spellcasting
  3751 | D:7      | Reached XP level 8. HP: 39/41 MP: 1/18
  3783 | D:7      | Reached skill level 7 in Spellcasting
  4217 | D:6      | Found Ruuney's Food Boutique.
  4258 | D:6      | Found a glowing golden altar of the Shining One.
  4292 | D:6      | Reached skill level 8 in Spellcasting
  4443 | D:5      | Entered Level 5 of the Dungeon
  4476 | D:5      | Reached XP level 9. HP: 45/45 MP: 2/21
  4826 | D:5      | Reached skill level 9 in Spellcasting
  5648 | D:4      | Noticed Blork the orc
  5740 | D:4      | Found an ancient bone altar of Kikubaaqudgha.
  5936 | D:4      | Found a glowing golden altar of the Shining One.
  5942 | D:4      | Found a stormy altar of Qazlal.
  5943 | D:4      | Noticed Duvessa
  5949 | D:4      | Noticed Dowan
  5962 | D:4      | Killed Duvessa
  5962 | D:4      | Killed Dowan
  5965 | D:4      | Killed Blork the orc
  6360 | D:4      | Found a sparkling altar of Nemelex Xobeh.
  6600 | D:3      | Killed Grinder
  6600 | D:3      | Reached skill level 10 in Spellcasting
  6735 | D:3      | Noticed Jessica
  6759 | D:3      | Killed Jessica
  7370 | D:6      | Reached XP level 10. HP: 50/50 MP: 8/24
  8051 | D:7      | Found a staircase to the Ecumenical Temple.
  8063 | Temple   | Entered the Ecumenical Temple
  8070 | Temple   | Became a worshipper of Vehumet
  8187 | D:8      | Found a staircase to the Lair.
  8240 | D:8      | Learned a level 5 spell: Fireball
  8635 | D:8      | Reached skill level 11 in Spellcasting
  8947 | D:8      | Reached * piety under Vehumet
  8947 | D:8      | Offered knowledge of Magic Dart by Vehumet.
  9246 | D:8      | Found a bloodstained altar of Trog.
  9779 | D:8      | Reached ** piety under Vehumet
  9779 | D:8      | Offered knowledge of Freeze by Vehumet.
  9779 | D:8      | Reached skill level 12 in Spellcasting
  9970 | D:8      | Noticed an ice statue
 10021 | D:8      | Noticed Psyche
 10030 | D:8      | Paralysed by Psyche for 2 turns
 10042 | D:8      | Killed Psyche
 10113 | Lair:1   | Entered Level 1 of the Lair of Beasts
 10115 | Lair:1   | Noticed a black mamba
 10130 | Lair:1   | Killed a black mamba
 10130 | Lair:1   | Reached XP level 11. HP: 39/54 MP: 12/27
 10310 | Lair:1   | Reached skill level 10 in Fire Magic
 10998 | Lair:2   | Reached skill level 1 in Fighting
 10998 | Lair:2   | Reached skill level 1 in Armour
 11177 | Lair:2   | Noticed an oklob plant
 11186 | Lair:2   | Noticed an oklob plant
 11227 | Lair:2   | Reached skill level 1 in Short Blades
 11489 | Lair:2   | Noticed a seven-headed hydra
 11509 | Lair:2   | Slain by a seven-headed hydra

Skill      XL: |  1  2  3  4  5  6  7  8  9 10 11 |
---------------+----------------------------------+-----
Spellcasting   | 3 4 5 6 8 10 12 | 12.6
Fire Magic     | 4 5 7 8 9 10 | 10.1
Dodging        | 2 |  2.1
Fighting       | 1 |  1.5
Armour         | 1 |  1.5
Short Blades   | 1 |  1.0
Stealth        | |  2.5
Conjurations   | |  1.1
Evocations     | |  0.5

Action                   |  1- 3 |  4- 6 |  7- 9 | 10-12 || total
-------------------------+-------+-------+-------+-------++-------
Melee: Unarmed           |     4 |       |       |       ||     4
       Dagger            |    46 |    38 |   321 |   175 ||   580
 Cast: Flame Tongue      |    42 |    21 |    95 |   113 ||   271
       Throw Flame       |    22 |    29 |    98 |    57 ||   206
       Sticky Flame      |       |     2 |    16 |    40 ||    58
       Fireball          |       |       |       |     9 ||     9
Evoke: Wand              |       |       |     7 |     6 ||    13
  Use: Scroll            |       |     9 |    12 |     4 ||    25
       Potion            |       |     1 |     4 |     5 ||    10
 Stab: Sleeping          |     1 |       |     1 |       ||     2
       Distracted        |       |       |     1 |       ||     1
  Eat: Royal jelly       |     1 |       |       |       ||     1
       Bread ration      |     1 |       |     3 |     1 ||     5
       Beef jerky        |       |     1 |       |     7 ||     8
       Meat ration       |       |     1 |       |       ||     1
       Fruit             |       |       |     3 |     2 ||     5
Armor: Robe              |    33 |    37 |   153 |   137 ||   360
       Skin              |       |       |    27 |       ||    27
Dodge: Dodged            |    69 |    48 |   209 |   195 ||   521
